 Dungeon Crawl Stone Soup version 0.23-a0-622-g59b4ea9c50 (webtiles) character file.

737 Morenatsu the Carver (level 7, -8/93 HPs)
             Began as a Purple Draconian Fighter on Dec 24, 2018.
             Mangled by an orc
             ... wielding a +2 falchion of electrocution
              (9 damage)
             ... on level 4 of the Dungeon.
             The game lasted 00:12:04 (5449 turns).

Morenatsu the Carver (Purple Draconian Fighter)     Turns: 5449, Time: 00:12:05

Health: -8/93      AC: 23    Str: 20    XL:     7   Next: 46%
Magic:  6/6        EV:  2    Int: 10    God:
Gold:   323        SH:  9    Dex: 17    Spells: 6/6 levels left

rFire    . . .     SeeInvis +   a - +1 long sword
rCold    . . .     Gourm    .   b - +0 shield
rNeg     + + +     Faith    .   (armour unavailable)
rPois    +         Spirit   .   (helmet currently unavailable)
rElec    .         Reflect  .   (cloak currently unavailable)
rCorr    .         Harm     .   (gloves currently unavailable)
MR       +....     NoTele   +   (boots currently unavailable)
Stlth    ++........             (no amulet)
HPRegen  0.25/turn              h - +2 ring of intelligence
MPRegen  0.10/turn              y - +4 ring of dexterity

@: short of breath, tree-form
A: (breathe power), unfitting armour, see invisible, agile 1, low mp 1, robust
1, AC +6
a: no special abilities


You were on level 4 of the Dungeon.
You were near starving.
You were a tree.
You visited 1 branch of the dungeon, and saw 4 of its levels.
You also visited: Ossuary.

You collected 323 gold pieces.

Inventory:

Hand Weapons
 a - a +1 long sword (weapon)
Armour
 b - a +0 shield (worn)
Jewellery
 h - a +2 ring of intelligence (left branch)
 y - a +4 ring of dexterity (right branch)
Wands
 o - a wand of paralysis (12)
Scrolls
 e - a scroll of remove curse
 g - 2 scrolls of amnesia
 l - a scroll of magic mapping
 n - a scroll of fear
 q - a scroll of enchant weapon
 s - a scroll of blinking
 t - 3 scrolls of identify
 u - a scroll of immolation
Potions
 c - a potion of might
 f - a potion of flight
 m - 4 potions of curing
Comestibles
 d - 5 rations


   Skills:
 - Level 3.2 Fighting
 + Level 8.6 Long Blades
 - Level 2.6 Dodging
 - Level 3.0 Shields


You had 6 spell levels left.
You didn't know any spells.
Your spell library contained the following spells:

 Spells                   Type           Power        Failure   Level  Hunger
 Infusion                 Chrm           #...         87%         1    ##.....


Dungeon Overview and Level Annotations

Branches:
Dungeon (4/15)
 Temple: D:4-7

Altars:
Dithmenos
Elyvilon
Okawaru
Sif Muna
Wu Jian
Yredelemnul


Innate Abilities, Weirdness & Mutations

((You can breathe bolts of dispelling energy.))
((Your rich purple scales are hard. (AC +6)))
You cannot fit into any form of body armour.
((You are cold-blooded and may be slowed by cold attacks.))
You have supernaturally acute eyesight. (SInv)
You are agile. (Dex +2)
Your magical capacity is low. (-10% MP)
You are robust. (+10% HP)


Message History

You slash the worker ant!
The worker ant is heavily wounded.
The orc completely misses you. You block the worker ant's attack.
You closely miss the worker ant.
The worker ant is heavily wounded.
The worker ant bites you but does no damage.
You block the orc's attack. The orc hits you but does no damage.
You slash the worker ant!
You kill the worker ant!
The orc hits you but does no damage. x2
You cannot move.
You hit the orc.
The orc is lightly wounded.
The orc hits you but does no damage. x2; You are electrocuted!
* * * LOW HITPOINT WARNING * * *
You block the orc's attack.
You closely miss the orc.
The orc is lightly wounded.
The orc hits you but does no damage.
You are electrocuted!
You die...

#. #....###..# #.## #.##
#.......... ..... ....
#....###### .....##..#
#....#....# ......#..
#....#..### .........
#....#.....
......#.######.#+.#..###
......†........#..#....#
##.###♣#########.######
......o)o...............
###.###.####.....#######
#.# ##.....######. #.#
#......'...... #.#
#......######. #.#
#......# ## #.# #.######
### #....# #. #..


You could see 2 orcs.

Vanquished Creatures
  Duvessa (D:4)
  An elf zombie (Ossuary)
  Dowan (D:4)
  A human zombie (Ossuary)
  An orc priest (D:4)
  4 orc wizards (D:4)
  Terence (D:2)
  Natasha (thrice) (D:2)
  2 worker ants
  A big kobold zombie (Ossuary)
  4 mummies (Ossuary)
  3 adders
  An ooze (D:3)
  An adder zombie (Ossuary)
  3 worms (D:3)
  3 dart slugs
  2 leopard geckos
  4 orcs
  2 ball pythons
  3 giant cockroaches
  A gnoll zombie (Ossuary)
  9 goblins
  9 hobgoblins
  13 jackals
  A quokka (D:3)
  8 bats
  4 frilled lizards
  5 goblin zombies
  A jackal skeleton (D:4)
  2 jackal zombies (Ossuary)
  5 kobolds
  An orc zombie (Ossuary)
  4 rats
  A rat zombie (Ossuary)
106 creatures vanquished.

Vanquished Creatures (others)
  An orc wizard (D:4)
1 creature vanquished.

Grand Total: 107 creatures vanquished

Notes
Turn   | Place    | Note
-------+----------+-------------------------------------------
     0 | D:1      | Morenatsu the Draconian Fighter began the quest for the
                  | Orb.
     0 | D:1      | Reached XP level 1. HP: 19/19 MP: 1/1
   237 | D:1      | Reached XP level 2. HP: 25/26 MP: 2/2
   283 | D:1      | Reached skill level 3 in Long Blades
   906 | D:1      | Reached XP level 3. HP: 31/31 MP: 3/3
  1282 | D:2      | Reached skill level 4 in Long Blades
  1297 | D:2      | Noticed Terence
  1311 | D:2      | Killed Terence
  1311 | D:2      | Reached XP level 4. HP: 19/38 MP: 4/4
  1583 | D:2      | Noticed Natasha
  1597 | D:2      | Killed Natasha
  1652 | D:2      | Noticed Natasha
  1664 | D:2      | Killed Natasha
  1664 | D:2      | Reached skill level 5 in Long Blades
  1798 | D:2      | Found a shadowy altar of Dithmenos.
  1936 | D:2      | Reached XP level 5. HP: 29/45 MP: 5/5
  2103 | D:2      | Noticed Natasha
  2263 | D:2      | Killed Natasha
  2662 | D:3      | Found an iron altar of Okawaru.
  2812 | D:3      | Reached skill level 6 in Long Blades
  3026 | D:3      | Found an ornate altar of the Wu Jian Council.
  3447 | D:3      | Found a white marble altar of Elyvilon.
  3518 | D:3      | Found a basalt altar of Yredelemnul.
  3708 | D:4      | Noticed Duvessa
  3709 | D:4      | Noticed Dowan
  3723 | D:4      | Killed Duvessa
  3723 | D:4      | Reached XP level 6. HP: 22/51 MP: 6/6
  3726 | D:4      | Killed Dowan
  3726 | D:4      | Reached skill level 7 in Long Blades
  3932 | D:4      | Found a sand-covered staircase.
  3949 | Ossuary  | Entered an ossuary
  4023 | Ossuary  | Your scales start taking on a rich purple colour.
  4023 | Ossuary  | Reached XP level 7. HP: 57/57 MP: 7/7
  4580 | Ossuary  | Gained mutation: Your spells are a little easier to cast,
                  | but a little less powerful. [potion of mutation]
  4580 | Ossuary  | Gained mutation: Your body sometimes deteriorates upon
                  | taking damage. [potion of mutation]
  4580 | Ossuary  | Gained mutation: You are weak. (Str -2) [potion of
                  | mutation]
  4580 | Ossuary  | Gained mutation: You have supernaturally acute eyesight.
                  | (SInv) [potion of mutation]
  4581 | Ossuary  | Lost mutation: Your body sometimes deteriorates upon taking
                  | damage. [potion of mutation]
  4581 | Ossuary  | Lost mutation: Your spells are a little easier to cast, but
                  | a little less powerful. [potion of mutation]
  4581 | Ossuary  | Lost mutation: You are weak. (Str -2) [potion of mutation]
  4581 | Ossuary  | Gained mutation: You are robust. (+10% HP) [potion of
                  | mutation]
  4581 | Ossuary  | Gained mutation: Your magical capacity is low. (-10% MP)
                  | [potion of mutation]
  4581 | Ossuary  | Gained mutation: You are agile. (Dex +2) [potion of
                  | mutation]
  4852 | D:4      | Reached skill level 8 in Long Blades
  5073 | D:4      | Found a deep blue altar of Sif Muna.
  5104 | D:4      | Identified Sif Muna's Collected Works on Augmentations
  5438 | D:4      | HP: 3/62 [orc/+2 falchion of electrocution (9)]
  5448 | D:4      | HP: 1/93 [orc/+2 falchion of electrocution (15)]
  5449 | D:4      | Mangled by an orc

Vault maps used:
D:1:      co_arrival_random_square_maze, minivault_11, item_on_display_a
D:2:      grunt_dithmenos_smoke, uniq_terence, uniq_natasha
D:3:      kennysheep_ying_yang, kennysheep_okawaru_gauntlet,
          overflow_temple_1_default
D:4:      led_sif_book, enter_ossuary_4, uniq_duvessa
Ossuary:  ossuary_minmay_tomb_2a

Skill      XL: |  1  2  3  4  5  6  7 |
---------------+----------------------+-----
Long Blades    | 3 4 5 6 7 8 |  8.6
Fighting       | |  3.2
Dodging        | |  2.6
Shields        | |  3.0

Action                   |  1- 3 |  4- 6 |  7- 9 || total
-------------------------+-------+-------+-------++-------
Melee: Long sword        |    92 |   194 |    71 ||   357
       Tailslap          |    10 |    22 |    16 ||    48
 Abil: Breathe Dispellin |       |       |     2 ||     2
  Use: Scroll            |     6 |     5 |     2 ||    13
       Potion            |       |     2 |    12 ||    14
 Stab: Sleeping          |     1 |     1 |       ||     2
  Eat: Chunk             |     1 |     9 |       ||    10
       Ration            |       |       |     1 ||     1
Armor: Skin              |    26 |   303 |    31 ||   360
Dodge: Dodged            |    34 |    83 |    26 ||   143
Block: Shield            |    41 |   164 |    36 ||   241
       Rpst.: Long sword |    11 |    28 |     9 ||    48

Table legend:
 A = Non-vault XP
 B = Vault XP
 C = Vault XP percentage of total XP
 D = Non-vault monster count
 E = Vault monster count
 F = Vault count percentage of total count
                 A         B        C        D         E       F
            +---------+---------+-------+---------+---------+-------
      Total |     480 |     573 |  54.4 |      83 |      23 |  21.7
            +---------+---------+-------+---------+---------+-------
        D:1 |      42 |       0 |   0.0 |      23 |       0 |   0.0
        D:2 |     166 |      71 |  30.0 |      26 |       2 |   7.1
        D:3 |      63 |       0 |   0.0 |      20 |       0 |   0.0
        D:4 |     209 |     250 |  54.5 |      14 |       5 |  26.3
    Ossuary |       0 |     252 | 100.0 |       0 |      16 | 100.0
            +---------+---------+-------+---------+---------+-------
